[Event "42nd Olympiad Baku 2016 Open"]
[Site "Baku"]
[Date "2016.09.05"]
[Round "4.1"]
[White "Smerdon, David C"]
[Black "Carlsen, Magnus"]
[Result "1/2-1/2"]
[ECO "B22"]
[WhiteElo "2531"]
[BlackElo "2857"]
[Annotator ""]
[PlyCount "51"]
[EventDate "2016.??.??"]
[EventCountry "AZE"]
[SourceTitle "playchess.com"]
[Source "ChessBase"]
[WhiteTeam "Australia"]
[BlackTeam "Norway"]
[WhiteTeamCountry "AUS"]
[BlackTeamCountry "NOR"]
[TimeControl "40/5400+30:1800+30"]

1. e4 {(00:00)} c5 {(00:00)} 2. c3 {(00:00)} d5 {(
02:31)} 3. exd5 {(00:10)} Qxd5 {(00:03)} 4. d4 {(00:10)}
Nf6 {(00:05)} 5. Nf3 {(00:07)} e6 {(00:18)} 6. Na3 {
(00:28)} Qd8 {(07:05)} 7. Nc4 {(03:58)} Be7 {(01:
59)} 8. Be3 {(16:31)} cxd4 {(02:36)} 9. Qxd4 {(01:50)} O-O
{(00:08)} 10. O-O-O {(05:41)} Nd5 {(04:46)} 11. Qg4 {
(04:00)} Nxe3 {(01:24)} 12. fxe3 {(05:30)} Qc7 {(
03:28)} 13. Bd3 {(09:36)} Nd7 {(02:45)} 14. Qf4 {(06:44)}
Qc5 {(03:37)} 15. b4 {(03:07)} Qc6 {(03:06)} 16. Nd4 {
(02:26)} Qxg2 {(14:01)} 17. Rhg1 {(03:40)} Qh3 {(
00:32)} 18. Rg3 {(13:27)} Qh4 {(01:35)} 19. Qxh4 {(02:38)}
Bxh4 {(00:11)} 20. Rh3 {(00:02)} Bg5 {(01:10)} 21. Rg1 {
(00:36)} h6 {(01:08)} 22. Rxg5 {(00:11)} hxg5 {(00:
01)} 23. Bh7+ {(00:05)} Kh8 {(00:05)} 24. Bd3+ {(00:06)}
Kg8 {(00:04)} 25. Bh7+ {(00:16)} Kh8 {(00:01)} 26. Bd3+ {
(00:06)} 1/2-1/2

[Event "42nd Olympiad Baku 2016 Open"]
[Site "Baku"]
[Date "2016.09.05"]
[Round "4.3"]
[White "Smirnov, Anton"]
[Black "Tari, Aryan"]
[Result "1/2-1/2"]
[ECO "C91"]
[WhiteElo "2482"]
[BlackElo "2570"]
[Annotator ""]
[PlyCount "60"]
[EventDate "2016.??.??"]
[EventCountry "AZE"]
[SourceTitle "playchess.com"]
[Source "ChessBase"]
[WhiteTeam "Australia"]
[BlackTeam "Norway"]
[WhiteTeamCountry "AUS"]
[BlackTeamCountry "NOR"]
[TimeControl "40/5400+30:1800+30"]

1. e4 {(00:00)} e5 {(00:00)} 2. Nf3 {(00:00)} Nc6 {
(00:00)} 3. Bb5 {(00:06)} a6 {(00:00)} 4. Ba4 {(00:
04)} Nf6 {(00:06)} 5. O-O {(00:09)} Be7 {(00:04)} 6. Re1 {
(00:09)} b5 {(00:07)} 7. Bb3 {(00:04)} d6 {(00:07)}
8. c3 {(00:15)} O-O {(00:23)} 9. d4 {(00:12)} Bg4 {
(00:17)} 10. Be3 {(00:08)} Bh5 {(00:17)} 11. Nbd2 {
(01:56)} d5 {(01:16)} 12. Bg5 {(01:08)} dxe4 {(11:
47)} 13. Nxe4 {(00:20)} exd4 {(02:34)} 14. Ng3 {(00:22)}
Bg6 {(10:49)} 15. cxd4 {(02:15)} Re8 {(04:54)} 16. Rc1 {
(02:23)} Na5 {(12:36)} 17. Bxf6 {(16:41)} Bxf6 {(
02:04)} 18. Rxe8+ {(00:06)} Qxe8 {(00:05)} 19. Rxc7 {(00:
17)} Nxb3 {(02:44)} 20. Qxb3 {(03:21)} h5 {(05:38)} 21. h3
{(03:53)} h4 {(03:03)} 22. Nf1 {(00:12)} Rd8 {(06:
48)} 23. Qe3 {(07:04)} Qe4 {(02:55)} 24. Qxe4 {(06:28)}
Bxe4 {(00:06)} 25. N1d2 {(00:11)} Bxf3 {(01:49)} 26. Nxf3
{(00:06)} Bxd4 {(00:06)} 27. Nxd4 {(02:32)} Rxd4 {(
00:06)} 28. Rc2 {(04:29)} g5 {(04:25)} 29. Kh2 {(03:17)}
Kg7 {(01:11)} 30. g3 {(00:14)} hxg3+ 1/2-1/2

[Event "42nd Olympiad Baku 2016 Open"]
[Site "Baku"]
[Date "2016.09.05"]
[Round "4.31"]
[White "Smith, Axel"]
[Black "Gurbanov, Andrei"]
[Result "1-0"]
[ECO "A13"]
[WhiteElo "2516"]
[BlackElo "2322"]
[Annotator ""]
[PlyCount "119"]
[EventDate "2016.??.??"]
[EventCountry "AZE"]
[SourceTitle "playchess.com"]
[Source "ChessBase"]
[WhiteTeam "SWE"]
[BlackTeam "IPCA"]
[WhiteTeamCountry "SWE"]
[BlackTeamCountry "ISR"]
[TimeControl "40/5400+30:1800+30"]

1. c4 {(00:00)} e6 {(00:00)} 2. Nf3 {(00:06)} d5 {(
00:57)} 3. g3 {(00:04)} Nf6 {(00:14)} 4. Bg2 {(00:03)} Be7
{(00:35)} 5. O-O {(00:07)} O-O {(00:14)} 6. d4 {(
00:03)} dxc4 {(01:00)} 7. Qc2 {(00:21)} a6 {(00:51)} 8. a4
{(00:20)} Bd7 {(00:39)} 9. Qxc4 {(01:22)} Bc6 {(01:
35)} 10. Bf4 {(10:21)} Bd6 {(02:00)} 11. Qc1 {(01:38)}
Nbd7 {(15:03)} 12. Nc3 {(00:33)} Nb6 {(02:15)} 13. Rd1 {
(04:24)} Nbd5 {(05:04)} 14. Bg5 {(17:32)} h6 {(04:
44)} 15. Bxf6 {(01:31)} Nxf6 {(10:29)} 16. Qc2 {(08:58)}
Bb4 {(06:06)} 17. Re1 {(14:31)} Bxc3 {(10:03)} 18. Qxc3 {
(02:29)} Qd6 {(05:22)} 19. Rac1 {(06:14)} Rfd8 {(
06:51)} 20. b3 {(03:52)} Rac8 {(00:55)} 21. e3 {(02:54)}
Be4 {(02:20)} 22. Ne5 {(02:34)} Bxg2 {(01:42)} 23. Kxg2 {
(00:01)} Nd5 {(04:03)} 24. Qc5 {(01:32)} Nb4 {(02:
01)} 25. Red1 {(02:33)} b6 {(05:07)} 26. Qc4 {(04:50)} Na2
{(03:18)} 27. Rc2 {(05:15)} Nb4 {(00:14)} 28. Rcd2 {
(00:13)} a5 {(01:27)} 29. Kg1 {(01:51)} c6 {(02:51]
} 30. Nd3 {(01:29)} Nd5 {(02:55)} 31. Rc1 {(01:03)} Ne7 {
(00:39)} 32. Qa6 {(04:59)} Rb8 {(00:23)} 33. Ne5 {(
00:39)} Qb4 {(01:41)} 34. Qd3 {(00:45)} c5 {(00:58)} 35.
Rc4 {(00:49)} Qa3 {(00:05)} 36. Qc2 {(01:24)} cxd4 {
(00:47)} 37. Rdxd4 {(00:33)} Rxd4 {(00:57)} 38. Rxd4 {
(00:15)} Rc8 {(01:12)} 39. Nc4 {(00:14)} Qc5 {(00:
46)} 40. Qd2 {(00:00)} Nc6 {(00:00)} 41. Rd7 {(03:29)} Nb4
{(14:07)} 42. e4 {(10:36)} Qc6 {(04:39)} 43. f3 {(
13:46)} Na6 {(08:13)} 44. Rd6 {(02:19)} Qc5+ {(00:25)} 45.
Kg2 {(00:14)} b5 {(02:41)} 46. axb5 {(00:56)} Nb4 {
(01:21)} 47. b6 {(01:07)} Kh7 {(00:21)} 48. Qd4 {(
02:15)} Qb5 {(00:47)} 49. Rd7 {(00:45)} Nc2 {(01:05)} 50.
b7 {(00:31)} Rb8 {(00:49)} 51. Qd2 {(00:37)} a4 {(
01:48)} 52. Rxf7 {(00:21)} axb3 {(00:07)} 53. Qc3 {(00:28]
} e5 {(00:07)} 54. Re7 {(00:39)} Qxc4 {(00:20)} 55. Qxe5 {
(00:33)} Ne3+ {(00:54)} 56. Kf2 {(00:17)} Nd1+ {(
00:07)} 57. Kg1 {(00:31)} Qg8 {(00:53)} 58. Qd4 {(00:39)}
b2 {(00:32)} 59. Qxd1 {(00:02)} Qb3 {(00:08)} 60. Qxb3 {
(00:04)} 1-0

[Event "42nd Olympiad Baku 2016 Open"]
[Site "Baku"]
[Date "2016.09.05"]
[Round "4.7"]
[White "Smith, Shreyas"]
[Black "Adesina, Adeyinka"]
[Result "0-1"]
[ECO "B77"]
[WhiteElo "2146"]
[BlackElo "2259"]
[Annotator ""]
[PlyCount "73"]
[EventDate "2016.??.??"]
[EventCountry "AZE"]
[SourceTitle "playchess.com"]
[Source "ChessBase"]
[WhiteTeam "Jamaica"]
[BlackTeam "Nigeria"]
[WhiteTeamCountry "JAM"]
[BlackTeamCountry "NGR"]
[TimeControl "40/5400+30:1800+30"]

1. e4 {(00:00)} c5 {(00:00)} 2. Nf3 {(00:00)} d6 {(
00:00)} 3. d4 {(00:00)} cxd4 {(00:00)} 4. Nxd4 {(00:00)}
Nf6 {(00:00)} 5. Nc3 {(00:05)} g6 {(00:05)} 6. Be3 {
(00:10)} Bg7 {(00:52)} 7. f3 {(00:07)} Nc6 {(00:16]
} 8. Bc4 {(00:14)} Bd7 {(00:31)} 9. Qd2 {(00:09)} O-O {
(00:27)} 10. h4 {(01:07)} h5 {(00:39)} 11. O-O-O {(
00:48)} Rc8 {(00:03)} 12. Bb3 {(00:15)} Na5 {(00:30)} 13.
Bg5 {(00:55)} Nxb3+ {(10:03)} 14. axb3 {(03:22)} Qa5 {
(04:30)} 15. Kb1 {(00:11)} Qa6 {(20:51)} 16. Bxf6 {
(14:24)} exf6 {(04:39)} 17. g4 {(00:12)} Rc5 {(07:
16)} 18. b4 {(02:49)} Rc4 {(03:32)} 19. b3 {(03:56)} Rxb4
{(05:50)} 20. Nd5 {(00:22)} Rb6 {(10:49)} 21. gxh5 {
(04:11)} Qa3 {(04:33)} 22. Nxb6 {(03:30)} axb6 {(
00:52)} 23. Qc1 {(00:08)} Qc5 {(04:16)} 24. hxg6 {(06:33)}
fxg6 {(00:39)} 25. h5 {(01:23)} f5 {(03:57)} 26. hxg6 {
(02:44)} Ra8 {(07:06)} 27. Qb2 {(00:17)} fxe4 {(00:
43)} 28. Rh7 {(15:31)} Qe5 {(00:41)} 29. fxe4 {(00:29)}
Bg4 {(03:12)} 30. Rd2 {(01:00)} Rf8 {(00:53)} 31. Qc3 {
(13:04)} Rf6 {(05:52)} 32. Rh4 {(14:53)} Qg5 {(00:
54)} 33. Qc4+ {(08:40)} Be6 {(01:03)} 34. Nxe6 {(01:17)}
Qg1+ {(00:51)} 35. Ka2 {(00:21)} Qa1+ {(00:09)} 36. Kxa1 {
(00:27)} Rf1+ {(00:03)} 37. Ka2 {(00:18)} 0-1

[Event "42nd Olympiad Baku 2016 Open"]
[Site "Baku"]
[Date "2016.09.05"]
[Round "4.11"]
[White "So, Wesley"]
[Black "Hracek, Zbynek"]
[Result "1/2-1/2"]
[ECO "D35"]
[WhiteElo "2782"]
[BlackElo "2591"]
[Annotator ""]
[PlyCount "120"]
[EventDate "2016.??.??"]
[EventCountry "AZE"]
[SourceTitle "playchess.com"]
[Source "ChessBase"]
[WhiteTeam "United States"]
[BlackTeam "Czech Republic"]
[WhiteTeamCountry "USA"]
[BlackTeamCountry "CZE"]
[TimeControl "40/5400+30:1800+30"]

1. d4 {(00:00)} Nf6 {(00:00)} 2. c4 {(00:00)} e6 {(
00:00)} 3. Nc3 {(00:00)} d5 {(00:56)} 4. cxd5 {(00:00)}
exd5 {(00:05)} 5. Bg5 {(00:00)} c6 {(00:21)} 6. e3 {
(00:00)} Nbd7 {(00:34)} 7. Bd3 {(00:13)} Be7 {(00:
09)} 8. h3 {(00:35)} O-O {(02:11)} 9. Qc2 {(03:07)} Re8 {
(00:39)} 10. Nf3 {(14:47)} Nf8 {(11:17)} 11. O-O {(
01:29)} g6 {(00:23)} 12. Bf4 {(17:32)} Ne6 {(01:07)} 13.
Bh2 {(06:27)} Ng7 {(01:37)} 14. Rab1 {(01:08)} a5 {
(08:24)} 15. a3 {(05:48)} Bf5 {(00:44)} 16. b4 {(
04:10)} axb4 {(10:39)} 17. axb4 {(00:12)} Bxd3 {(05:28)}
18. Qxd3 {(00:10)} Ra3 {(03:52)} 19. Qc2 {(02:04)} Bd6 {
(02:02)} 20. Bxd6 {(07:02)} Qxd6 {(00:01)} 21. b5 {
(00:07)} Ne6 {(06:11)} 22. bxc6 {(05:35)} bxc6 {(
02:54)} 23. Rb6 {(01:16)} Qc7 {(03:37)} 24. Rfb1 {(01:53)}
Ra1 {(07:13)} 25. Rxa1 {(06:19)} Qxb6 {(00:23)} 26. Na4 {
(00:30)} Qa6 {(10:29)} 27. Rc1 {(01:59)} Ra8 {(03:
07)} 28. Nc5 {(02:15)} Nxc5 {(00:06)} 29. Qxc5 Ne4 {(00:
30)} 30. Qc2 {(00:10)} Rc8 {(06:38)} 31. Qb2 {(02:43)} Qa7
{(05:09)} 32. Qb3 {(07:22)} Rb8 {(03:33)} 33. Qc2 {
(00:03)} Rc8 {(00:05)} 34. Ne5 {(04:44)} c5 {(00:
08)} 35. f3 {(00:10)} Nd6 {(00:16)} 36. dxc5 {(00:16)} Nc4
{(00:06)} 37. Ng4 {(00:16)} Qxc5 {(04:07)} 38. Qc3 {
(02:55)} Rc6 {(01:30)} 39. Ra1 {(01:54)} d4 {(00:
21)} 40. exd4 {(00:00)} Qd5 {(00:00)} 41. Kh1 {(17:03)} h5
{(04:49)} 42. Ne3 {(01:11)} Nxe3 {(00:14)} 43. Qxe3 {
(00:02)} Kg7 {(00:52)} 44. Kg1 {(03:59)} Rc2 {(02:
13)} 45. Rd1 {(03:56)} Qe6 {(04:34)} 46. Qxe6 {(02:28)}
fxe6 {(00:01)} 47. Kh2 {(00:17)} h4 {(04:16)} 48. Re1 {
(00:21)} Kf6 {(00:05)} 49. Re4 {(03:20)} g5 {(00:
06)} 50. Kg1 {(00:05)} Rd2 {(01:07)} 51. Kf1 {(00:30)} Kf5
{(00:06)} 52. Rg4 {(00:07)} Ra2 {(00:25)} 53. Kg1 {
(00:16)} Rd2 {(00:08)} 54. Kf1 {(00:37)} Ra2 {(00:
04)} 55. Re4 {(00:04)} Rd2 {(00:09)} 56. Kg1 {(00:18)} Kf6
{(00:09)} 57. Kh1 {(00:21)} Kf5 {(01:08)} 58. Kh2 {
(00:09)} Kf6 {(00:18)} 59. Kg1 {(00:06)} Kf5 {(00:
16)} 60. Kf1 {(00:04)} Kf6 {(00:27)} 1/2-1/2

[Event "42nd Olympiad Baku 2016 Open"]
[Site "Baku"]
[Date "2016.09.05"]
[Round "4.31"]
[White "Soares, Erikson Roberto Mau"]
[Black "Abreu Jean, Carlos Paul"]
[Result "0-1"]
[ECO "D34"]
[WhiteElo "2274"]
[BlackElo "2326"]
[Annotator ""]
[PlyCount "118"]
[EventDate "2016.??.??"]
[EventCountry "AZE"]
[SourceTitle "playchess.com"]
[Source "ChessBase"]
[WhiteTeam "Angola"]
[BlackTeam "Dominican Republic"]
[WhiteTeamCountry "ANG"]
[BlackTeamCountry "DOM"]
[TimeControl "40/5400+30:1800+30"]

1. Nf3 {(00:00)} Nf6 {(00:29)} 2. g3 {(00:06)} d5 {
(00:22)} 3. Bg2 {(00:06)} e6 {(00:09)} 4. d4 {(00:
06)} Be7 {(00:12)} 5. c4 {(00:16)} O-O {(00:21)} 6. Nc3 {
(00:07)} c5 {(00:26)} 7. cxd5 {(00:41)} exd5 {(00:
10)} 8. O-O {(00:22)} Nc6 {(00:18)} 9. Bg5 {(05:44)} cxd4
{(00:19)} 10. Nxd4 {(00:08)} h6 {(00:09)} 11. Bf4 {
(00:56)} Be6 {(07:33)} 12. h3 {(33:01)} Nxd4 {(12:
12)} 13. Qxd4 {(00:46)} Qd7 {(00:05)} 14. Kh2 {(02:56)}
Rfc8 {(00:21)} 15. Rad1 {(01:57)} Bc5 {(19:21)} 16. Qe5 {
(04:48)} Re8 {(12:10)} 17. Bxh6 {(16:28)} Bxh3 {(
17:44)} 18. Qg5 {(01:05)} Ng4+ {(04:05)} 19. Kg1 {(06:15)}
Nxh6 {(00:29)} 20. Rxd5 {(01:37)} Bxf2+ {(04:10)} 21. Rxf2
{(00:17)} Qg4 {(00:17)} 22. Bxh3 {(04:24)} Qxh3 {(
00:18)} 23. Rd4 {(00:14)} Qe6 {(08:21)} 24. Nd5 {(01:03)}
Qe5 {(00:29)} 25. Nf6+ {(10:56)} Kh8 {(00:12)} 26. Qxe5 {
(00:17)} Rxe5 {(00:11)} 27. Ng4 {(00:08)} Nxg4 {(
00:25)} 28. Rxg4 {(00:01)} f6 {(00:58)} 29. Rc4 {(02:00)}
Re7 {(00:58)} 30. Rh2+ {(01:08)} Kg8 {(00:30)} 31. Kf2 {
(01:08)} Rd8 {(01:41)} 32. Rc2 {(00:32)} Kf7 {(00:
51)} 33. Rh4 {(00:28)} Rd5 {(00:26)} 34. Rhc4 {(01:03)}
Rf5+ {(00:50)} 35. Kg2 {(01:05)} Rfe5 {(00:24)} 36. Kf2 {
(00:19)} Kg6 {(00:21)} 37. Rg4+ {(00:38)} Kh5 {(00:
55)} 38. Rgc4 {(01:13)} b6 {(01:54)} 39. Rd4 {(00:51)} Kg5
{(00:16)} 40. Rcd2 {(00:34)} f5 {(00:00)} 41. b3 {(
01:11)} g6 {(00:57)} 42. Kf3 {(06:42)} R7e6 {(01:09)} 43.
Kf2 {(00:44)} a6 {(02:46)} 44. Rd5 {(00:49)} Re4 {(
02:45)} 45. R5d4 {(00:46)} Kg4 {(02:57)} 46. Kg2 {(06:47)}
g5 {(00:45)} 47. Rxe4+ {(01:07)} Rxe4 {(01:57)} 48. Kf2 {
(00:12)} f4 {(03:54)} 49. gxf4 {(01:16)} Rxf4+ {(
00:10)} 50. Ke3 {(12:03)} Rf6 {(03:00)} 51. Ke4 {(02:32)}
Re6+ {(01:01)} 52. Kd5 {(00:11)} Kf5 {(00:19)} 53. a4 {
(03:18)} g4 {(00:23)} 54. b4 {(00:36)} g3 {(01:25)}
55. Rd3 {(00:59)} g2 {(09:04)} 56. Rf3+ {(02:14)} Kg4 {
(00:14)} 57. Kxe6 {(00:10)} g1=Q {(00:09)} 58. Rd3 {
(01:04)} Kf4 {(00:37)} 59. Kd6 {(00:31)} a5 {(00:
56)} 0-1

[Event "42nd Olympiad Baku 2016 Open"]
[Site "Baku"]
[Date "2016.09.05"]
[Round "4.3"]
[White "Sohib, Okla"]
[Black "Kassis, Antoine"]
[Result "1/2-1/2"]
[ECO "A70"]
[WhiteElo "2153"]
[BlackElo "2149"]
[Annotator ""]
[PlyCount "181"]
[EventDate "2016.??.??"]
[EventCountry "AZE"]
[SourceTitle "playchess.com"]
[Source "ChessBase"]
[WhiteTeam "SYR"]
[BlackTeam "LBN"]
[WhiteTeamCountry "SYR"]
[BlackTeamCountry "FRA"]
[TimeControl "40/5400+30:1800+30"]

1. d4 {(00:00)} Nf6 {(00:00)} 2. Nf3 {(00:00)} c5 {
(00:00)} 3. d5 {(00:56)} e6 {(00:00)} 4. c4 {(02:
43)} exd5 {(00:50)} 5. cxd5 {(00:08)} d6 {(00:04)} 6. Nc3
{(00:50)} g6 {(00:05)} 7. e4 {(01:37)} Bg7 {(00:10]
} 8. Nd2 {(05:07)} O-O {(00:17)} 9. Bd3 {(01:29)} a6 {
(06:20)} 10. a4 {(00:25)} Nbd7 {(00:44)} 11. Nc4 {(
01:38)} Qe7 {(15:19)} 12. Bf4 {(18:23)} Ne8 {(00:48)} 13.
O-O {(02:04)} Ne5 {(10:11)} 14. Nb6 {(03:52)} Rb8 {
(00:10)} 15. Re1 {(04:26)} g5 {(19:56)} 16. Bg3 {(
16:43)} Bg4 {(10:33)} 17. Be2 {(02:41)} Bxe2 {(00:40)} 18.
Qxe2 {(00:26)} Nc7 {(11:22)} 19. Rad1 {(07:38)} Na8 {
(03:57)} 20. Bxe5 {(09:38)} Bxe5 {(01:20)} 21. Nc4 {
(00:06)} Bxc3 {(12:32)} 22. bxc3 {(00:26)} b5 {(01:
15)} 23. Na5 {(02:19)} Qf6 {(00:43)} 24. Rd3 {(03:07)}
bxa4 {(01:24)} 25. Rf3 {(01:18)} Qg6 {(01:12)} 26. Nc6 {
(00:40)} Rbe8 {(00:07)} 27. Re3 {(09:43)} Nb6 {(00:
47)} 28. Qxa6 {(01:17)} Nd7 {(00:27)} 29. Qb7 {(01:37)}
Ne5 {(00:22)} 30. Ne7+ {(00:33)} Rxe7 {(00:04)} 31. Qxe7 {
(00:08)} Nc4 {(00:50)} 32. Rg3 {(00:50)} f6 {(00:
30)} 33. Qd7 {(01:56)} Qe8 {(01:34)} 34. Qg4 {(01:08)} Qc8
{(01:46)} 35. e5 {(00:40)} Qxg4 {(00:37)} 36. Rxg4 {
(00:03)} Nxe5 {(00:07)} 37. Rxa4 {(00:17)} Kg7 {(
00:20)} 38. Ra6 {(00:35)} Rd8 {(00:07)} 39. Rb1 {(00:37)}
Kg6 {(00:11)} 40. Rbb6 {(00:00)} Nc4 {(00:00)} 41. Rb7 {
(01:08)} h5 {(07:26)} 42. Ra4 {(10:18)} Re8 {(00:
57)} 43. h4 {(04:45)} Re1+ {(02:53)} 44. Kh2 {(00:04)} Ne5
{(04:08)} 45. hxg5 {(04:59)} fxg5 {(00:37)} 46. f3 {
(02:41)} Re2 {(06:08)} 47. Kg1 {(07:10)} Re1+ {(01:
32)} 48. Kh2 {(00:38)} Re2 {(00:04)} 49. Kh3 {(02:43)} Nd3
{(10:21)} 50. Rd7 {(00:14)} Re1 {(01:23)} 51. Rxd6+ {
(00:19)} Kf5 {(00:12)} 52. g4+ {(01:57)} hxg4+ {(
00:04)} 53. fxg4+ {(00:07)} Ke5 {(00:04)} 54. Rd8 {(01:11]
} Re3+ {(00:50)} 55. Kh2 {(00:12)} Re2+ {(01:50)} 56. Kg1
{(00:15)} Re1+ {(00:16)} 57. Kg2 {(00:29)} Nf4+ {(
00:24)} 58. Kf2 {(00:42)} Rc1 {(01:01)} 59. d6 {(00:33)}
Ne6 {(00:09)} 60. Re8 {(00:34)} Rd1 {(00:50)} 61. Ke3 {
(00:50)} Rxd6 {(01:00)} 62. Re4+ {(00:11)} Kf6 {(
00:06)} 63. R4xe6+ {(00:27)} Rxe6+ {(00:05)} 64. Rxe6+ {(
00:18)} Kxe6 {(00:01)} 65. Ke4 {(00:30)} Kd6 {(01:06)} 66.
Kf5 {(00:09)} Kd5 {(00:03)} 67. Kxg5 {(00:12)} Kc4 {
(00:01)} 68. Kf4 {(00:47)} Kxc3 {(00:03)} 69. g5 {(
00:14)} c4 {(00:23)} 70. g6 {(00:18)} Kb2 {(00:09)} 71. g7
{(01:36)} c3 {(00:05)} 72. g8=Q {(00:31)} c2 {(00:
03)} 73. Qg7+ {(00:38)} Kb1 {(00:22)} 74. Qg6 {(00:09)}
Kb2 {(00:06)} 75. Qf6+ {(00:13)} Kb1 {(00:05)} 76. Qf5 {
(00:25)} Ka1 {(00:53)} 77. Qc5 {(00:29)} Kb1 {(00:
09)} 78. Qb4+ {(01:11)} Ka1 {(00:36)} 79. Qe1+ {(00:11)}
Kb2 {(00:11)} 80. Qd2 {(00:21)} Kb1 {(00:15)} 81. Qd3 {
(00:39)} Kb2 {(01:03)} 82. Qd2 {(00:10)} Kb1 {(00:
20)} 83. Qb4+ {(00:07)} Ka1 {(00:05)} 84. Qd4+ {(00:50)}
Kb1 {(00:06)} 85. Qb4+ {(00:12)} Ka1 {(00:06)} 86. Qa3+ {
(00:04)} Kb1 {(00:06)} 87. Qb3+ {(00:03)} Ka1 {(00:
04)} 88. Qc3+ {(00:06)} Kb1 {(00:04)} 89. Qd3 {(00:07)}
Ka1 {(00:54)} 90. Qe3 {(00:15)} Kb1 {(00:05)} 91. Qd2 {
(00:11)} 1/2-1/2

[Event "42nd Olympiad Baku 2016 Open"]
[Site "Baku"]
[Date "2016.09.05"]
[Round "4.17"]
[White "Solak, Dragan"]
[Black "Greet, Andrew N"]
[Result "1-0"]
[ECO "A21"]
[WhiteElo "2635"]
[BlackElo "2455"]
[Annotator ""]
[PlyCount "75"]
[EventDate "2016.??.??"]
[EventCountry "AZE"]
[SourceTitle "playchess.com"]
[Source "ChessBase"]
[WhiteTeam "Turkey"]
[BlackTeam "Scotland"]
[WhiteTeamCountry "TUR"]
[BlackTeamCountry "SCO"]
[TimeControl "40/5400+30:1800+30"]

1. c4 {(00:00)} e5 {(00:00)} 2. Nc3 {(00:00)} Bb4 {
(00:27)} 3. g3 {(04:50)} Bxc3 {(00:41)} 4. bxc3 {(
00:10)} d6 {(00:31)} 5. Bg2 {(00:13)} Ne7 {(01:54)} 6. d3
{(09:29)} O-O {(12:30)} 7. Nh3 {(03:35)} c5 {(02:
15)} 8. O-O {(03:29)} Nbc6 {(00:49)} 9. f4 {(00:46)} f5 {
(10:54)} 10. Rb1 {(06:18)} h6 {(06:18)} 11. Nf2 {(
10:38)} Qc7 {(14:09)} 12. e4 {(02:12)} exf4 {(09:30)} 13.
Bxf4 {(00:43)} Ng6 {(00:57)} 14. Bd2 {(05:02)} f4 {
(04:35)} 15. Nh3 {(03:23)} fxg3 {(03:19)} 16. Rxf8+ {
(02:18)} Nxf8 {(00:22)} 17. hxg3 {(00:22)} Ne5 {(
00:37)} 18. Nf4 {(04:43)} Bg4 {(01:12)} 19. Qb3 {(03:40)}
b6 {(01:26)} 20. Rf1 {(00:05)} Re8 {(14:54)} 21. d4 Nc6 {
(01:01)} 22. Nd5 {(12:00)} Qd8 {(01:13)} 23. Bxh6 {
(06:37)} Ne6 {(04:12)} 24. Qa4 {(01:20)} Qc8 {(04:
11)} 25. e5 {(04:07)} dxe5 {(00:22)} 26. Nf6+ {(08:44)}
gxf6 {(00:07)} 27. Bxc6 {(00:08)} Rf8 {(04:19)} 28. Bxf8 {
(00:33)} Qxf8 {(00:06)} 29. Bd5 {(03:11)} Qe7 {(00:
57)} 30. dxe5 {(01:31)} fxe5 {(00:09)} 31. Qc2 {(00:26)}
Kg7 {(00:13)} 32. Qe4 {(01:04)} Qg5 {(00:18)} 33. Re1 {
(01:01)} Kf6 {(00:13)} 34. Rf1+ {(00:22)} Kg7 {(00:
11)} 35. Re1 {(00:23)} Kf6 {(00:05)} 36. Qh7 {(01:31)} Qd2
{(02:22)} 37. Rf1+ {(00:36)} Kg5 {(00:25)} 38. Qh4+ {
(00:17)} 1-0

[Event "42nd Olympiad Baku 2016 Open"]
[Site "Baku"]
[Date "2016.09.05"]
[Round "4.1"]
[White "Solomon, Kenny"]
[Black "Ragger, Markus"]
[Result "1/2-1/2"]
[ECO "E15"]
[WhiteElo "2371"]
[BlackElo "2697"]
[Annotator ""]
[PlyCount "102"]
[EventDate "2016.??.??"]
[EventCountry "AZE"]
[SourceTitle "playchess.com"]
[Source "ChessBase"]
[WhiteTeam "South Africa"]
[BlackTeam "Austria"]
[WhiteTeamCountry "RSA"]
[BlackTeamCountry "AUT"]
[TimeControl "40/5400+30:1800+30"]

1. d4 {(00:00)} Nf6 {(00:00)} 2. Nf3 {(00:00)} e6 {
(00:00)} 3. c4 {(00:00)} b6 {(00:00)} 4. g3 {(00:
02)} c6 {(00:00)} 5. Bg2 {(00:58)} d5 {(00:00)} 6. O-O {
(02:24)} Be7 {(00:03)} 7. Nc3 {(01:30)} O-O {(00:
15)} 8. cxd5 {(09:51)} cxd5 {(01:07)} 9. Bf4 {(01:03)} Nc6
{(04:13)} 10. Ne5 {(13:26)} Bb7 {(03:56)} 11. Nxc6 {
(01:05)} Bxc6 {(00:03)} 12. Qd3 {(00:40)} Qd7 {(02:
01)} 13. Rfc1 {(00:44)} Rfc8 {(02:26)} 14. Rc2 {(02:29)}
b5 {(04:27)} 15. Rac1 {(03:10)} b4 {(03:10)} 16. Nb1 {
(04:07)} Bd8 {(06:31)} 17. Qa6 {(15:19)} Bb6 {(03:
21)} 18. Nd2 {(02:56)} Bb7 {(24:27)} 19. Qd3 {(00:37)}
Rxc2 {(00:41)} 20. Rxc2 {(00:04)} Qa4 {(00:52)} 21. Qb3 {
(04:46)} Qb5 {(06:44)} 22. Bf1 {(04:58)} a5 {(01:
41)} 23. e3 {(11:22)} Qd7 {(01:51)} 24. Nf3 {(02:11)} Rc8
{(04:52)} 25. Ne5 {(01:21)} Qe8 {(00:55)} 26. a4 {(
05:36)} bxa3 {(11:26)} 27. Rxc8 {(00:14)} Qxc8 {(00:22)}
28. bxa3 {(00:18)} Bd8 {(00:36)} 29. Qb5 {(04:50)} h6 {
(02:13)} 30. g4 {(00:49)} Qc7 {(05:32)} 31. Nc4 {(
06:44)} Qd7 {(01:35)} 32. Ne5 {(01:07)} Qxb5 {(02:29)} 33.
Bxb5 {(00:02)} Ne4 {(00:12)} 34. Nc6 {(01:26)} Bb6 {
(00:34)} 35. Ne5 {(00:37)} Nc3 {(01:52)} 36. Bd3 {(
00:15)} Bd8 {(01:48)} 37. Nd7 {(00:25)} Bc6 {(02:23)} 38.
Nc5 {(00:22)} Bb6 {(00:37)} 39. Kf1 {(01:02)} Bb5 {
(02:08)} 40. Bxb5 {(00:00)} Nxb5 {(00:00)} 41. Nd7 {
(09:34)} Bd8 {(01:57)} 42. a4 {(01:38)} Nc3 {(00:
06)} 43. Nc5 {(00:36)} Bb6 {(00:17)} 44. h4 {(06:46)} f5 {
(11:46)} 45. gxf5 {(09:02)} exf5 {(00:11)} 46. Kg2 {
(01:06)} Kf7 {(00:52)} 47. h5 {(02:23)} g5 {(11:50]
} 48. Be5 {(03:04)} Bxc5 {(01:26)} 49. dxc5 {(00:01)} Nxa4
{(00:03)} 50. c6 {(00:18)} Ke8 {(01:05)} 51. Bc7 {(
00:35)} Nc5 {(01:54)} 1/2-1/2